TOP OF THE 1ST |
Tri-City Dust Devils batting - Pitching for Cincinnati (NYP) Reds : LHP Andres Lobato
|
Pitching: LHP Andres Lobato
|
|
Batting: LHB Phil Lerner
|
0-0: Ground out 5-3 (Groundball, 56, EV 77.5 MPH)
|
Batting: SHB Yutaro Takahashi
|
0-0: Swinging Strike 0-1: Ball 1-1: SOLO HOME RUN (Flyball, 89XD, EV 102.5 MPH), Distance : 428 ft
|
Batting: RHB Eric McMillian
|
0-0: Ball 1-0: Called Strike 1-1: Ball 2-1: Ball 3-1: Base on Balls
|
Batting: RHB Hector Fernandez
|
0-0: Ball 1-0: Ball 2-0: SINGLE (Groundball, 56D, EV 95.0 MPH) Eric McMillian to second
|
Batting: SHB Isaiah Scates
|
0-0: Ball 1-0: Ball 2-0: Called Strike 2-1: Foul Ball, location: 2F 2-2: Strikes out swinging
|
Batting: LHB Chad Cutler
|
0-0: Foul Ball, location: 2F 0-1: Foul Ball, location: 2F 0-2: Strikes out swinging
|
Top of the 1st over - 1 run, 2 hits, 0 errors, 2 left on base; Tri-City 1 - Cincinnati (NYP) 0 |
BOTTOM OF THE 1ST |
Cincinnati (NYP) Reds batting - Pitching for Tri-City Dust Devils : RHP Jamie Bostic
|
Pitching: RHP Jamie Bostic
|
|
Batting: RHB Jon Marquez
|
0-0: Called Strike 0-1: Swinging Strike 0-2: Ball 1-2: Strikes out swinging
|
Batting: RHB Randy Grewe
|
0-0: Ball 1-0: Called Strike 1-1: Foul Ball, location: 2F 1-2: Ball 2-2: Foul Ball, location: 2F 2-2: Foul Ball, location: 2F 2-2: Ball 3-2: Fly out, F8 (Line Drive, 8LD, EV 102.5 MPH)
|
Batting: RHB David Clough
|
0-0: Called Strike 0-1: Swinging Strike 0-2: Strikes out looking
|
Bottom of the 1st over - 0 runs, 0 hits, 0 errors, 0 left on base; Tri-City 1 - Cincinnati (NYP) 0 |
TOP OF THE 2ND |
Tri-City Dust Devils batting - Pitching for Cincinnati (NYP) Reds : LHP Andres Lobato
|
Batting: RHB Phil McFadden
|
0-0: Foul Ball, location: 2F 0-1: Fly out, F4 (Line Drive, 4, EV 67.5 MPH)
|
Batting: RHB Oren Jones
|
0-0: Fly out, F5 (Popup, 5S, EV 84.4 MPH)
|
Batting: RHB Ed Oake
|
0-0: Called Strike 0-1: Ground out U3 (Groundball, 34S, EV 84.4 MPH)
|
Top of the 2nd over - 0 runs, 0 hits, 0 errors, 0 left on base; Tri-City 1 - Cincinnati (NYP) 0 |
BOTTOM OF THE 2ND |
Cincinnati (NYP) Reds batting - Pitching for Tri-City Dust Devils : RHP Jamie Bostic
|
Batting: LHB Brian Dickeson
|
0-0: Ball 1-0: Ball 2-0: Ball 3-0: Base on Balls
|
Batting: RHB Kevin Larner
|
0-0: Ball 1-0: Foul Ball, location: 2F 1-1: Ball 2-1: Foul Ball, location: 2F 2-2: Strikes out swinging
|
Batting: SHB Cesar Pelayo
|
0-0: Called Strike 0-1: Swinging Strike 0-2: Foul Ball, location: 2F 0-2: Foul Ball, location: 2F 0-2: Ball 1-2: Strikes out swinging
|
Batting: RHB Tim Walter
|
0-0: Foul Ball, location: 2F 0-1: Called Strike 0-2: Ball 1-2: Ball 2-2: Foul Ball, location: 2F 2-2: Ball 3-2: Foul Ball, location: 2F 3-2: Foul Ball, location: 2F 3-2: Strikes out looking
|
Bottom of the 2nd over - 0 runs, 0 hits, 0 errors, 1 left on base; Tri-City 1 - Cincinnati (NYP) 0 |
TOP OF THE 3RD |
Tri-City Dust Devils batting - Pitching for Cincinnati (NYP) Reds : LHP Andres Lobato
|
Batting: LHB Phil Lerner
|
0-0: Ball 1-0: Ball 2-0: Foul Ball, location: 2F 2-1: Called Strike 2-2: Ball 3-2: DOUBLE (Flyball, 8LXD, EV 113.8 MPH)
|
Batting: SHB Yutaro Takahashi
|
0-0: Called Strike 0-1: Ball 1-1: Fly out, F7 (Flyball, 78XD, EV 97.5 MPH) Runner from 2nd tags up, SAFE at 3rd, no throw by LF
|
Batting: RHB Eric McMillian
|
0-0: Ball 1-0: Called Strike 1-1: Swinging Strike 1-2: DOUBLE (Line Drive, 3D, EV 105.0 MPH) Phil Lerner scores
|
Batting: RHB Hector Fernandez
|
0-0: Ball 1-0: Ball 2-0: Called Strike 2-1: Foul Ball, location: 2F 2-2: Strikes out swinging
|
Batting: SHB Isaiah Scates
|
0-0: Ball Passed Ball! Eric McMillian to third 1-0: Foul Ball, location: 2F 1-1: Called Strike 1-2: Foul Ball, location: 2F 1-2: Ball Balk! Eric McMillian scores 2-2: Ball 3-2: Foul Ball, location: 2F 3-2: Base on Balls
|
Batting: LHB Chad Cutler
|
0-0: Foul Ball, location: 2F 0-1: Ball 1-1: Foul Ball, location: 2F 1-2: Foul Ball, location: 2F 1-2: Foul Ball, location: 2F 1-2: Ball 2-2: Foul Ball, location: 2F 2-2: Ball 3-2: Foul Ball, location: 2F 3-2: Strikes out looking
|
Top of the 3rd over - 2 runs, 2 hits, 0 errors, 1 left on base; Tri-City 3 - Cincinnati (NYP) 0 |
BOTTOM OF THE 3RD |
Cincinnati (NYP) Reds batting - Pitching for Tri-City Dust Devils : RHP Jamie Bostic
|
Batting: RHB R.J. Romberg
|
0-0: Ball 1-0: Ground out U3 (Groundball, 34, EV 87.5 MPH)
|
Batting: RHB Cyd Carver
|
0-0: Ball 1-0: Ball 2-0: Foul Ball, location: 2F 2-1: Foul Ball, location: 2F 2-2: Ball 3-2: DOUBLE (Line Drive, 9LM, EV 108.8 MPH)
|
Batting: RHB Jon Marquez
|
0-0: Ball 1-0: Ball 2-0: Ball 3-0: Foul Ball, location: 2F 3-1: Called Strike 3-2: Strikes out swinging
|
Batting: RHB Randy Grewe
|
0-0: Fly out, F3 (Popup, 3SF, EV 81.2 MPH)
|
Bottom of the 3rd over - 0 runs, 1 hit, 0 errors, 1 left on base; Tri-City 3 - Cincinnati (NYP) 0 |
TOP OF THE 4TH |
Tri-City Dust Devils batting - Pitching for Cincinnati (NYP) Reds : LHP Andres Lobato
|
Batting: RHB Phil McFadden
|
0-0: Ground out U3 (Groundball, 13, EV 83.8 MPH)
|
Batting: RHB Oren Jones
|
0-0: Swinging Strike 0-1: Fly out, F3 (Popup, 23F, EV 86.9 MPH)
|
Batting: RHB Ed Oake
|
0-0: Called Strike 0-1: Ball 1-1: Ball 2-1: Called Strike 2-2: Ball 3-2: Foul Ball, location: 2F 3-2: Strikes out swinging
|
Top of the 4th over - 0 runs, 0 hits, 0 errors, 0 left on base; Tri-City 3 - Cincinnati (NYP) 0 |
BOTTOM OF THE 4TH |
Cincinnati (NYP) Reds batting - Pitching for Tri-City Dust Devils : RHP Jamie Bostic
|
Batting: RHB David Clough
|
0-0: Ball 1-0: Ball 2-0: Ball 3-0: Base on Balls
|
Batting: LHB Brian Dickeson
|
0-0: Ball 1-0: Called Strike 1-1: Ball 2-1: Foul Ball, location: 2F 2-2: Strikes out swinging
|
Batting: RHB Kevin Larner
|
0-0: Ball 1-0: Fielders Choice at 2nd, 6-4 (Groundball, 6, EV 76.2 MPH)
|
Batting: SHB Cesar Pelayo
|
0-0: Called Strike 0-1: Foul Ball, location: 2F 0-2: Fly out, F8 (Flyball, 8LD, EV 91.2 MPH)
|
Bottom of the 4th over - 0 runs, 0 hits, 0 errors, 1 left on base; Tri-City 3 - Cincinnati (NYP) 0 |
TOP OF THE 5TH |
Tri-City Dust Devils batting - Pitching for Cincinnati (NYP) Reds : LHP Andres Lobato
|
Batting: LHB Phil Lerner
|
0-0: Foul Ball, location: 2F 0-1: Called Strike 0-2: Strikes out swinging
|
Batting: SHB Yutaro Takahashi
|
0-0: Ball 1-0: SINGLE (Flyball, 8RS, EV 89.4 MPH)
|
Batting: RHB Eric McMillian
|
0-0: Called Strike 0-1: Foul Ball, location: 2F 0-2: Ball Yutaro Takahashi is caught stealing 2nd base 2-4 1-2: Ball 2-2: Foul Ball, location: 2F 2-2: Strikes out swinging
|
Top of the 5th over - 0 runs, 1 hit, 0 errors, 0 left on base; Tri-City 3 - Cincinnati (NYP) 0 |
BOTTOM OF THE 5TH |
Cincinnati (NYP) Reds batting - Pitching for Tri-City Dust Devils : RHP Jamie Bostic
|
Batting: RHB Tim Walter
|
0-0: Ground out 6-3 (Groundball, 6, EV 89.4 MPH)
|
Batting: RHB R.J. Romberg
|
0-0: Called Strike 0-1: Swinging Strike 0-2: Ball 1-2: Ball 2-2: Foul Ball, location: 2F 2-2: Strikes out swinging
|
Batting: RHB Cyd Carver
|
0-0: Called Strike 0-1: SINGLE (Flyball, 3D, EV 92.5 MPH)
|
Batting: RHB Jon Marquez
|
0-0: Ball Cyd Carver steals 2nd base 1-0: Ball 2-0: Ball 3-0: Base on Balls
|
Pitching: RHP David Koski
|
|
Batting: RHB Randy Grewe
|
0-0: Ball 1-0: Swinging Strike 1-1: Fly out, F9 (Flyball, 89M, EV 94.4 MPH)
|
Bottom of the 5th over - 0 runs, 1 hit, 0 errors, 2 left on base; Tri-City 3 - Cincinnati (NYP) 0 |
TOP OF THE 6TH |
Tri-City Dust Devils batting - Pitching for Cincinnati (NYP) Reds : LHP Andres Lobato
|
Pitching: LHP Eric Dennis
|
|
Batting: RHB Hector Fernandez
|
0-0: Ball 1-0: Ball 2-0: Ball 3-0: Called Strike 3-1: Base on Balls
|
Batting: SHB Isaiah Scates
|
0-0: Ball 1-0: Ball 2-0: Ball 3-0: Base on Balls Hector Fernandez to second
|
Batting: LHB Chad Cutler
|
0-0: Called Strike 0-1: Ball 1-1: DOUBLE (Groundball, 5L, EV 102.5 MPH) Hector Fernandez scores Isaiah Scates to third
|
Batting: RHB Phil McFadden
|
0-0: Ball 1-0: Ball 2-0: Called Strike 2-1: Ball 3-1: Base on Balls
|
Batting: RHB Oren Jones
|
0-0: Ball 1-0: Foul Ball, location: 2F 1-1: Ball 2-1: Swinging Strike 2-2: Ball 3-2: Base on Balls Isaiah Scates scores Chad Cutler to third Phil McFadden to second
|
Pitching: RHP Ramon Pedroza
|
|
Batting: RHB Ed Oake
|
0-0: Called Strike 0-1: Ball 1-1: Called Strike 1-2: Ball 2-2: Strikes out looking
|
Batting: LHB Phil Lerner
|
0-0: Foul Ball, location: 2F 0-1: Foul Ball, location: 2F 0-2: Foul Ball, location: 2F 0-2: Strikes out swinging
|
Batting: SHB Yutaro Takahashi
|
0-0: Ball 1-0: Called Strike 1-1: Foul Ball, location: 2F 1-2: Strikes out swinging
|
Top of the 6th over - 2 runs, 1 hit, 0 errors, 3 left on base; Tri-City 5 - Cincinnati (NYP) 0 |
BOTTOM OF THE 6TH |
Cincinnati (NYP) Reds batting - Pitching for Tri-City Dust Devils : RHP David Koski
|
Batting: RHB David Clough
|
0-0: Called Strike 0-1: Ball 1-1: Foul Ball, location: 2F 1-2: Ball 2-2: Fly out, F8 (Flyball, 8RD, EV 108.8 MPH)
|
Batting: LHB Brian Dickeson
|
0-0: Swinging Strike 0-1: Ball 1-1: Ball 2-1: Ball 3-1: Foul Ball, location: 2F 3-2: Foul Ball, location: 2F 3-2: Base on Balls
|
Batting: RHB Kevin Larner
|
0-0: Called Strike 0-1: Called Strike 0-2: Ball 1-2: Fly out, F8 (Flyball, 8RD, EV 105.6 MPH)
|
Batting: SHB Cesar Pelayo
|
0-0: Ball 1-0: Ball 2-0: Foul Ball, location: 2F 2-1: Fly out, F8 (Line Drive, 78M, EV 90.0 MPH)
|
Bottom of the 6th over - 0 runs, 0 hits, 0 errors, 1 left on base; Tri-City 5 - Cincinnati (NYP) 0 |
TOP OF THE 7TH |
Tri-City Dust Devils batting - Pitching for Cincinnati (NYP) Reds : RHP Ramon Pedroza
|
Batting: RHB Eric McMillian
|
0-0: Ball 1-0: Foul Ball, location: 2F 1-1: Fly out, F7 (Flyball, 7LS, EV 79.4 MPH)
|
Batting: RHB Hector Fernandez
|
0-0: Called Strike 0-1: Swinging Strike 0-2: Ground out 6-3 (Groundball, 6M, EV 84.4 MPH)
|
Batting: SHB Isaiah Scates
|
0-0: Ball 1-0: Ball 2-0: Fly out, F8 (Flyball, 8RM, EV 88.8 MPH)
|
Top of the 7th over - 0 runs, 0 hits, 0 errors, 0 left on base; Tri-City 5 - Cincinnati (NYP) 0 |
BOTTOM OF THE 7TH |
Cincinnati (NYP) Reds batting - Pitching for Tri-City Dust Devils : RHP David Koski
|
Batting: RHB Tim Walter
|
0-0: Called Strike 0-1: Foul Ball, location: 2F 0-2: Strikes out looking
|
Batting: RHB R.J. Romberg
|
0-0: Ball 1-0: Ball 2-0: Swinging Strike 2-1: Foul Ball, location: 2F 2-2: Ball 3-2: Strikes out swinging
|
Batting: RHB Cyd Carver
|
0-0: Ball 1-0: Ball 2-0: Fly out, F9 (Flyball, 89S, EV 88.8 MPH)
|
Bottom of the 7th over - 0 runs, 0 hits, 0 errors, 0 left on base; Tri-City 5 - Cincinnati (NYP) 0 |
TOP OF THE 8TH |
Tri-City Dust Devils batting - Pitching for Cincinnati (NYP) Reds : RHP Ramon Pedroza
|
Batting: LHB Chad Cutler
|
0-0: Ball 1-0: Ball 2-0: Called Strike 2-1: Ball 3-1: Fly out, F7 (Line Drive, 7, EV 88.8 MPH)
|
Batting: RHB Phil McFadden
|
0-0: Called Strike 0-1: Ball 1-1: Ball 2-1: Ground out 6-3 (Groundball, 6, EV 86.9 MPH)
|
Batting: RHB Oren Jones
|
0-0: Swinging Strike 0-1: Fly out, F7 (Flyball, 7D, EV 92.5 MPH)
|
Top of the 8th over - 0 runs, 0 hits, 0 errors, 0 left on base; Tri-City 5 - Cincinnati (NYP) 0 |
BOTTOM OF THE 8TH |
Cincinnati (NYP) Reds batting - Pitching for Tri-City Dust Devils : RHP David Koski
|
Batting: RHB Jon Marquez
|
0-0: Ball 1-0: Ball 2-0: Ground out U3 (Groundball, 34S, EV 84.4 MPH)
|
Batting: RHB Randy Grewe
|
0-0: Ball 1-0: Foul Ball, location: 2F 1-1: Ball 2-1: Foul Ball, location: 2F 2-2: Ball 3-2: Foul Ball, location: 2F 3-2: Base on Balls
|
Pitching: RHP Troy Conners
|
|
Batting: RHB David Clough
|
0-0: Ball 1-0: Ball 2-0: Foul Ball, location: 2F 2-1: Swinging Strike 2-2: Foul Ball, location: 2F 2-2: Strikes out swinging
|
Batting: LHB Brian Dickeson
|
0-0: Ball 1-0: Called Strike 1-1: Foul Ball, location: 2F 1-2: Ball 2-2: Ground out 6-3 (Groundball, 6MS, EV 86.9 MPH)
|
Bottom of the 8th over - 0 runs, 0 hits, 0 errors, 1 left on base; Tri-City 5 - Cincinnati (NYP) 0 |
TOP OF THE 9TH |
Tri-City Dust Devils batting - Pitching for Cincinnati (NYP) Reds : RHP Ramon Pedroza
|
Batting: RHB Ed Oake
|
0-0: Ball 1-0: Ball 2-0: Called Strike 2-1: Ball 3-1: Foul Ball, location: 2F 3-2: Base on Balls
|
Batting: LHB Phil Lerner
|
0-0: Ball 1-0: Ground out 6-3 (Groundball, 6M, EV 106.9 MPH) Ed Oake to second
|
Batting: SHB Yutaro Takahashi
|
0-0: Swinging Strike 0-1: Ball 1-1: Foul Ball, location: 2F 1-2: Foul Ball, location: 2F 1-2: Foul Ball, location: 2F 1-2: Ball 2-2: Foul Ball, location: 2F 2-2: Foul Ball, location: 2F 2-2: Strikes out swinging
|
Pitching: RHP Jean-Paul Lefebvre
|
|
Batting: RHB Eric McMillian
|
0-0: SINGLE (Line Drive, 6MD, EV 101.9 MPH) Ed Oake to third Runner from 3rd tries for Home, SAFE, throw by CF to home Eric McMillian to second
|
Batting: RHB Hector Fernandez
|
0-0: Ball 1-0: Called Strike 1-1: Ball 2-1: Ball 3-1: Called Strike 3-2: Base on Balls
|
Batting: SHB Isaiah Scates
|
0-0: Called Strike 0-1: Ball 1-1: Ball 2-1: Ball 3-1: Base on Balls Eric McMillian to third Hector Fernandez to second
|
Batting: LHB Chad Cutler
|
0-0: Called Strike 0-1: Ball 1-1: Ball 2-1: Ball 3-1: Fly out, F7 (Flyball, 7S, EV 90.0 MPH)
|
Top of the 9th over - 1 run, 1 hit, 0 errors, 3 left on base; Tri-City 6 - Cincinnati (NYP) 0 |
BOTTOM OF THE 9TH |
Cincinnati (NYP) Reds batting - Pitching for Tri-City Dust Devils : RHP Troy Conners
|
Batting: RHB Kevin Larner
|
0-0: Ball 1-0: Ball 2-0: Called Strike 2-1: Foul Ball, location: 2F 2-2: Foul Ball, location: 2F 2-2: Ball 3-2: Base on Balls
|
Batting: SHB Cesar Pelayo
|
0-0: Ball 1-0: Ball 2-0: Ball 3-0: Called Strike 3-1: Called Strike 3-2: Strikes out swinging
|
Pinch Hitting: LHB Matthew Berry
|
0-0: Ball 1-0: Foul Ball, location: 2F 1-1: Ball 2-1: Ball 3-1: Base on Balls Kevin Larner to second
|
Pinch Hitting: SHB Kristian Kristensen
|
0-0: Swinging Strike 0-1: Ball 1-1: Fly out, F4 (Popup, 4, EV 71.2 MPH)
|
Pinch Hitting: SHB Tim Utz
|
0-0: Ball 1-0: Swinging Strike 1-1: Foul Ball, location: 2F 1-2: Foul Ball, location: 2F 1-2: Ground out 4-3 (Groundball, 4, EV 87.5 MPH)
|
Bottom of the 9th over - 0 runs, 0 hits, 0 errors, 2 left on base; Tri-City 6 - Cincinnati (NYP) 0 |
|